 Dungeon Crawl Stone Soup version 0.29.1-1-gd02db6906a (webtiles) character file.

Game seed: 3457700458762264180

124 louiscrawler the Ducker (level 4, -10/35 HPs)
             Began as a Demonspawn Gladiator on Sept 28, 2022.
             Killed by nerve-wracking pain
             ... invoked by Grinder
              (14 damage)
             ... while paralysed by Grinder
             ... on level 3 of the Dungeon.
             The game lasted 00:05:53 (2542 turns).

louiscrawler the Ducker (Demonspawn Gladiator)      Turns: 2542, Time: 00:05:54

Health: -10/35     AC:  7    Str: 15    XL:     4   Next: 81%
Magic:  4/4        EV:  2    Int:  9    God:
Gold:   81         SH:  0    Dex: 16    Spells: 3/3 levels left

rFire   . . .      SeeInvis .   a - +0 quarterstaff
rCold   . . .      Faith    .   (shield currently unavailable)
rNeg    . . .      Spirit   .   b - +0 leather armour
rPois   .          Reflect  .   j - +2 hat
rElec   .          Harm     .   (no cloak)
rCorr   .          Rampage  .   (no gloves)
Will    .....                   (no boots)
Stlth   +.........              (no amulet)
HPRegen 0.11/turn               (no ring)
MPRegen 0.09/turn               (no ring)

@: paralysed
A: yellow scales 1
a: no special abilities


You were on level 3 of the Dungeon.
You visited 1 branch of the dungeon, and saw 3 of its levels.

You collected 81 gold pieces.

Inventory:

Hand Weapons
 a - a +0 quarterstaff (weapon)
Armour
 b - a +0 leather armour (worn)
 c - a +0 helmet
 j - a +2 hat (worn)
Jewellery
 o - a ring of protection from fire
Scrolls
 f - a scroll of butterflies {unknown}
 g - 2 scrolls of identify {unknown}
 i - a scroll of enchant armour {unknown}
 k - a scroll of enchant weapon {unknown}
 l - 2 scrolls of teleportation {unknown}
Potions
 h - 4 potions of curing {unknown}
 m - a potion of degeneration {unknown}
 n - a potion of resistance {unknown}


   Skills:
 * Level 3.0 Fighting
 * Level 3.5 Staves
 + Level 2.4 Throwing
 * Level 3.6 Dodging


You had 3 spell levels left.
You didn't know any spells.
Your spell library contained the following spells:

 Spells                   Type           Power      Damage    Failure   Level
 Alistair's Intoxication  Tmut/Pois      0%         N/A       100%        5
 Borgnjor's Vile Clutch   Necr/Erth      0%         N/A       100%        5
 Eringya's Noxious Bog    Tmut/Pois      0%         N/A       100%        6


Dungeon Overview and Level Annotations

Branches:
Dungeon (3/15)

Altars:

Annotations:
D:3 Grinder


Innate Abilities, Weirdness & Mutations

You are partially covered in yellow scales. (AC +2)


Message History

Grinder blinks!
You barely miss Grinder.
Grinder is moderately wounded.
Grinder blinks!
Grinder says, "Wait up."
You barely miss Grinder.
Grinder is moderately wounded.
Grinder hits you but does no damage.
You completely miss Grinder.
Grinder is moderately wounded.
Grinder gestures at you. Pain shoots through your body!
You hit Grinder but do no damage.
Grinder is moderately wounded.
Grinder gestures at you.
You suddenly lose the ability to move!
Grinder hits you. Grinder hits you!
* * * LOW HITPOINT WARNING * * *
You writhe in agony.
* * * LOW HITPOINT WARNING * * *
Grinder gestures at you. You resist with significant effort.
You can move again.
You are too injured to fight recklessly!
You closely miss Grinder.
Grinder is moderately wounded.
Grinder barely misses you. x2
You hit Grinder.
Grinder is heavily wounded.
Grinder gestures at you.
You barely resist. You thump Grinder!
Grinder is severely wounded.
Grinder gestures at you.
You suddenly lose the ability to move!
Grinder blinks!
Grinder gestures at you. Pain shoots through your body!
You die...

###########.#
..........)>#####
###########.....#
#####.###.#
#.....5.#.#
#.###.#.#.#
#.#.#.# #.#.#.###
#.#@.(..#
#.#(..### #.##.##
#..... ..###..
###########....
.(.
.............r.
##.. #.....>..#
### #<#


You could see Grinder.

Vanquished Creatures
  A hound (D:2)
  Robin (D:3)
  2 adders (D:2)
  A worm (D:2)
  A dart slug (D:2)
  2 endoplasms
  4 giant cockroaches
  8 goblins
  8 hobgoblins
  5 jackals
  5 kobolds
  5 quokkas
  2 ball pythons
  4 bats
  2 rats
51 creatures vanquished.

Vanquished Creatures (others)
  2 plants (D:1)
2 creatures vanquished.

Grand Total: 53 creatures vanquished

Notes
Turn   | Place    | Note
-------+----------+-------------------------------------------
     0 | D:1      | louiscrawler the Demonspawn Gladiator began the quest for
                  | the Orb.
     0 | D:1      | Reached XP level 1. HP: 16/16 MP: 1/1
   232 | D:1      | Gained mutation: You are partially covered in yellow
                  | scales. (AC +2) [demonic ancestry]
   232 | D:1      | Reached XP level 2. HP: 18/22 MP: 2/2
   396 | D:1      | Found a faded altar of an unknown god.
  1127 | D:2      | Reached XP level 3. HP: 26/28 MP: 3/3
  1670 | D:3      | Noticed Grinder
  1903 | D:3      | Reached XP level 4. HP: 34/34 MP: 4/4
  1911 | D:3      | Noticed Robin
  1927 | D:3      | Killed Robin
  2196 | D:3      | HP: 1/35 [hobgoblin[Robin] (1)]
  2534 | D:3      | Paralysed by Grinder for 4 turns
  2540 | D:3      | Paralysed by Grinder for 3 turns
  2542 | D:3      | Killed from afar by Grinder

Illustrated notes

Levels and vault maps discovered:
D:1:      wheals_arrival_linesprint, layout_loops_cross,
          shapermc_ecumenical_altar_mp_ritualfount, serial_bayou,
          serial_bayou_pond_b, serial_bayou_pond_d, serial_bayou_shore_a,
          serial_bayou_pond_d, serial_bayou_pond_c, serial_bayou_pond_c
D:2:      layout_loops_ring, serial_glass, glass_columns_a, glass_columns_a,
          glass_columns_b, glass_columns_a, glass_columns_b, glass_columns_c,
          glass_columns_a, glass_columns_b, glass_columns_a, glass_columns_b,
          glass_columns_b, glass_columns_a, glass_columns_c, glass_columns_b,
          corexii_item_surrounded_by_moat
D:3:      layout_basic, mainiacjoe_overflow_alcove_1, uniq_grinder,
          uniq_sigmund, uniq_robin

Skill      XL: |  1  2  3  4 |
---------------+-------------+-----
Staves         | 3 |  3.5
Throwing       | 2 |  2.4
Dodging        | 3 |  3.6
Fighting       | 3 |  3.0

Action                   |  1- 3 |  4- 6 || total
-------------------------+-------+-------++-------
Melee: Quarterstaff      |   105 |    69 ||   174
Throw: Throwing net      |     2 |     2 ||     4
       Javelin           |       |     1 ||     1
 Stab: Sleeping          |     3 |       ||     3
Armor: Leather armour    |    47 |    36 ||    83
Dodge: Dodged            |    70 |    56 ||   126
